 Dungeon Crawl Stone Soup version 0.26-b1-57-gb162d0664a (webtiles) character file.

Game seed: 152386884607590851

469 Goreval the Conjurer (level 7, 0/41 HPs)
             Began as an Octopode Conjurer on Jan 8, 2021.
             Was an Initiate of Sif Muna.
             Slain by a centaur (2 damage)
             ... on level 5 of the Dungeon.
             The game lasted 00:09:21 (4721 turns).

Goreval the Conjurer (Octopode Conjurer)            Turns: 4721, Time: 00:09:22

Health: 0/41       AC:  1    Str:  6    XL:     7   Next: 9%
Magic:  1/12       EV: 14    Int: 22    God:    Sif Muna [......]
Gold:   184        SH:  0    Dex: 11    Spells: 0/12 levels left

rFire    . . .     SeeInvis .   c - +0 dagger
rCold    . . .     Faith    .   (no shield)
rNeg     . . .     Spirit   .   (helmet restricted)
rPois    .         Reflect  .   (no amulet)
rElec    .         Harm     .   (no ring)
rCorr    .         Rampage  .   (no ring)
Will     .....                  (no ring)
Stlth    ++++......             (no ring)
HPRegen  0.13/turn              (no ring)
MPRegen  0.13/turn              (no ring)
                                (no ring)
                                (no ring)

@: about to teleport
A: almost no armour, stealthy swim, amphibious, 8 rings, constrict 8, camouflage
1, gelatinous body 1
a: Renounce Religion


You were on level 5 of the Dungeon.
You worshipped Sif Muna.
Sif Muna was noncommittal.
You visited 1 branch of the dungeon, and saw 5 of its levels.

You collected 184 gold pieces.

Inventory:

Hand Weapons
 c - a +0 dagger (weapon)
Missiles
 e - 115 stones
 f - a throwing net
Scrolls
 a - 4 scrolls of remove curse {unknown}
 b - 5 scrolls of blinking {unknown}
 h - 4 scrolls of identify {unknown}
 m - 3 scrolls of amnesia {unknown}
 n - a scroll of magic mapping {unknown}
Potions
 g - a potion of heal wounds {unknown}
 k - 3 potions of curing {unknown}
 l - 3 potions of resistance {unknown}
 o - a potion of mutation {unknown}
 p - a potion of haste {unknown}


   Skills:
 + Level 3.6 Dodging
 + Level 5.3 Stealth
 + Level 3.4 Spellcasting
 * Level 6.0 Conjurations


You couldn't memorise any spells.
You knew the following spells:

 Your Spells              Type           Power        Failure   Level
a - Magic Dart            Conj           100%         1%          1
b - Searing Ray           Conj           60%          1%          2
c - Dazzling Flash        Conj/Hex       34%          11%         3
d - Fulminant Prism       Conj/Hex       8%           34%         4
p - Passwall              Tmut/Erth      2%           19%         2

Your spell library contained the following spells:

 Spells                   Type           Power        Failure   Level
 Foxfire                  Conj/Fire      68%          3%          1
 Stone Arrow              Conj/Erth      34%          11%         3
 Sandblast                Erth           6%           12%         1
 Iskenderun's Mystic Bla  Conj/Tloc      17%          34%         4
 Petrify                  Tmut/Erth      3%           75%         4
 Lee's Rapid Deconstruct  Erth           1%           97%         5


Dungeon Overview and Level Annotations

Branches:
Dungeon (5/15)
 Temple: D:4-7

Altars:
Makhleb
Sif Muna
Vehumet

Shops:
D:4 [


Innate Abilities, Weirdness & Mutations

You cannot wear most types of armour.
You are very stealthy in the water. (Stealth+)
You are amphibious.
You can wear up to eight rings at the same time.
You can use your tentacles to constrict eight enemies at once.
Your skin changes colour to match your surroundings (Stealth+).
Your rubbery body absorbs attacks. (AC +1, EV +1)


Message History

Unknown command.
Okay, then.
The centaur hits you. The centaur barely misses you.
Unknown command.
Okay, then.
As you read the scroll labelled PALO CUDODARYI, it crumbles to dust.
It is a scroll of enchant armour.
You aren't carrying any armour which can be enchanted further.
The centaur barely misses you.
As you read the scroll labelled ILA FUOSUI, it crumbles to dust.
The creatures around you are filled with an inner flame!
It was a scroll of immolation.
The centaur hits you!
* * * LOW HITPOINT WARNING * * *
The centaur hits you.
* * * LOW HITPOINT WARNING * * *
Your magical contamination has completely faded away.
As you read the scroll labelled DOLEJI ZAGO, it crumbles to dust.
You feel strangely unstable.
It was a scroll of teleportation.
The centaur hits you.
You die...

#....#.....#....#
#....#.....'....#......#
#....#.....#....#......+
#....#.....#....#......#
#....#.....#....#......#
#....#.....#....#......#
######.....#.†..#......#
...........#....#......#
...........#....@......#
........ ######c.....#
........ ......#
......## ####+## ......#
......# ......# ......#
......#


You could see a centaur (inner flame).

Vanquished Creatures
  A scorpion (D:4)
  2 orc wizards (D:3)
  4 hounds
  Jessica (D:2)
  Terence (D:2)
  3 worker ants
  Robin (D:2)
  3 adders
  A white imp (D:5)
  5 worms
  2 leopard geckos
  7 giant cockroaches
  12 goblins
  9 hobgoblins
  5 kobolds
  2 ball pythons
  5 bats
  5 frilled lizards
  3 rats (D:1)
72 creatures vanquished.

Notes
Turn   | Place    | Note
-------+----------+-------------------------------------------
     0 | D:1      | Goreval the Octopode Conjurer began the quest for the Orb.
     0 | D:1      | Reached XP level 1. HP: 11/11 MP: 3/3
   223 | D:1      | Reached XP level 2. HP: 17/17 MP: 3/5
   909 | D:2      | Noticed Jessica
   952 | D:2      | Learned a level 2 spell: Searing Ray
   970 | D:2      | Killed Jessica
   971 | D:2      | Reached XP level 3. HP: 21/21 MP: 2/6
   975 | D:2      | Learned a level 3 spell: Dazzling Flash
  1298 | D:2      | Reached XP level 4. HP: 27/27 MP: 3/7
  1301 | D:2      | Noticed Robin
  1731 | D:2      | Killed Robin
  2028 | D:2      | Noticed Terence
  2040 | D:2      | Killed Terence
  2270 | D:3      | Reached XP level 5. HP: 26/31 MP: 4/9
  2422 | D:3      | Reached skill level 5 in Conjurations
  2822 | D:3      | Found a shimmering blue altar of Sif Muna.
  2997 | D:3      | Identified Sif Muna's Compendium of Ignition
  3188 | D:3      | Became a worshipper of Sif Muna the Loreminder
  3407 | D:4      | Found Guled's Antique Armour Shop.
  3471 | D:4      | Reached XP level 6. HP: 36/36 MP: 4/10
  3629 | D:4      | Learned a level 4 spell: Fulminant Prism
  3640 | D:4      | Reached skill level 5 in Stealth
  4389 | D:4      | Found a radiant altar of Vehumet.
  4443 | D:5      | Entered Level 5 of the Dungeon
  4546 | D:5      | Reached skill level 6 in Conjurations
  4546 | D:5      | Reached XP level 7. HP: 41/41 MP: 6/12
  4549 | D:5      | Learned a level 2 spell: Passwall
  4598 | D:5      | Found a burning altar of Makhleb.
  4720 | D:5      | HP: 2/41 [centaur (6)]
  4721 | D:5      | Slain by a centaur

Illustrated notes

Levels and vault maps discovered:
D:1:      tarquinn_simple_flora_water_c, layout_loops_ring
D:2:      cheibrodos_helix_gallery, layout_basic, minmay_heptomino_o4,
          uniq_jessica, uniq_robin, uniq_terence
D:3:      layout_basic, led_sif_book
D:4:      layout_basic, marbit_many_paths, serial_shops, shop, minmay_ruptured
D:5:      lemuel_upstairs_altar, layout_gridville, general_overflow_altar

Skill      XL: |  1  2  3  4  5  6 |
---------------+-------------------+-----
Stealth        | 3 4 5 |  5.3
Conjurations   | 5 6 |  6.0
Dodging        | 3 |  3.6
Spellcasting   | 3 |  3.4

Action                   |  1- 3 |  4- 6 |  7- 9 || total
-------------------------+-------+-------+-------++-------
Melee: Unarmed           |     4 |       |       ||     4
       Constrict         |     3 |     7 |       ||    10
       Dagger            |     2 |    28 |     4 ||    34
       Tentacles         |     1 |     8 |       ||     9
 Cast: Magic Dart        |    47 |    92 |    12 ||   151
       Searing Ray       |       |    11 |       ||    11
       Dazzling Flash    |       |       |     2 ||     2
       Passwall          |       |       |     1 ||     1
  Use: Scroll            |       |       |     3 ||     3
 Stab: Sleeping          |     1 |       |       ||     1
Armor: Skin              |       |     1 |       ||     1
Dodge: Dodged            |     2 |    18 |     6 ||    26
